 Dungeon Crawl Stone Soup version 0.19.1 (webtiles) character file.

151 Mesmaeker13 the Poker (level 5, 0/38 HPs)
             Began as a Merfolk Skald on Dec 25, 2016.
             Killed from afar by an orc wizard (11 damage)
             ... with a puff of flame
             ... on level 3 of the Dungeon.
             The game lasted 00:06:19 (2508 turns).

Mesmaeker13 the Poker (Merfolk Skald)               Turns: 2508, Time: 00:06:21

Health: 0/38       AC:  3    Str: 13    XL:     5   Next: 33%
Magic:  8/17       EV: 13    Int: 12    God:
Gold:   160        SH:  0    Dex: 13    Spells: 3 memorised, 3 levels left

rFire  . . .     SeeInvis .     a - +0 spear
rCold  . . .     Gourm    .     b - +0 leather armour
rNeg   . . .     Faith    .     (no shield)
rPois  .         Spirit   .     (no helmet)
rElec  .         Reflect  .     (no cloak)
rCorr  .         Harm     .     (no gloves)
MR     .....                    (no boots)
Stlth  +.........               (no amulet)
                                (no ring)
                                o - ring of magical power

@: infused (expiring)
A: change form in water, swift swim, stealthy swim
a: no special abilities


You were on level 3 of the Dungeon.
You were hungry.

You visited 1 branch of the dungeon, and saw 3 of its levels.

You collected 160 gold pieces.

Inventory:

Hand Weapons
 a - a +0 spear (weapon)
Missiles
 p - 12 poisoned needles
Armour
 b - a +0 leather armour (worn)
Jewellery
 o - a ring of magical power (left hand)
Scrolls
 f - a scroll of teleportation
 j - 2 scrolls of magic mapping {unknown}
 k - a scroll of recharging {unknown}
 l - a scroll of enchant armour {unknown}
 n - a scroll of blinking {unknown}
 t - 2 scrolls of identify
 u - a scroll of fog {unknown}
Potions
 e - a potion of curing {unknown}
 h - a potion of cancellation {unknown}
 m - 2 potions of resistance
 r - 2 potions of flight {unknown}
Books
 c - a book of Battle

   Spells                             Type                      Level
   a - Infusion                       Charms                       1
   b - Shroud of Golubria             Charms/Translocation         2
   c - Song of Slaying                Charms                       2
   d - Spectral Weapon                Hexes/Charms                 3
   e - Regeneration                   Charms/Necromancy            3
Comestibles
 d - 4 bread rations
 g - 2 fruits
 i - a royal jelly
 q - a slice of pizza
 s - 5 chunks of flesh


   Skills:
 - Level 2.1 Fighting
 + Level 5.0 Polearms
 - Level 0.6 Armour
 + Level 3.9 Dodging
 - Level 2.0 Spellcasting
 + Level 4.5 Charms


You had 3 spell levels left.
You knew the following spells:

 Your Spells              Type           Power        Failure   Level  Hunger
a - Infusion              Chrm           ##..         6%          1    ##.....
b - Song of Slaying       Chrm           ##......     10%         2    ###....
c - Shroud of Golubria    Chrm/Tloc      #.........   24%         2    ###....


Dungeon Overview and Level Annotations

Branches:
Dungeon (3/15)

Altars:


Message History

You reach to attack!
You hit the orc.
The orc is severely wounded.
Attack whom?
Press: ? - help, Dir - move target cursor, f/p - orc
Aim: an orc, wielding a hand axe and wearing a leather armour (severely wounded)
You reach to attack!
You hit the orc.
You kill the orc!
Attack whom?
Press: ? - help, Dir - move target cursor, f - orc
Aim: an orc, wielding a dagger You reach to attack!
You hit the orc.
The orc is heavily wounded.
Something hits you.
* * * LOW HITPOINT WARNING * * *
The orc throws a silver tomahawk.
Your magical infusion is running out.
You hear some strange, mumbled words.
A puff of flame appears from out of thin air!
The puff of flame hits you!
You die...

#.##......# #....o........###
#.##......## ##†########....
..##.......#### #..# #.....
...........o..## ##..# #.....
##..........#..###...#######...##
##.##......o##.o.o..............#
............######...........##.#
...##.......######.......######.#
(..........)(o..@........# #.#
.>.#.......o######.......# #.#
#......................### #.#
..................)....# #.#
#..........>.#####.....# #.#
..#..##................# #.#
.#...##................# #.#
...#..........###...#.##### ##.#
.##...#.#.....###...#.....# ##...


You could see 2 orcs.

Vanquished Creatures
  An orc priest (D:3)
  4 adders
  2 oozes
  6 worms
  5 dart slugs
  An orc (D:3)
  4 bats
  2 giant cockroaches
  5 goblins
  4 hobgoblins
  3 jackals (D:2)
  6 kobolds
  A ball python (D:3)
  2 rats
46 creatures vanquished.

Vanquished Creatures (others)
  An adder (D:2)
  5 toadstools (D:1)
6 creatures vanquished.

Grand Total: 52 creatures vanquished

Notes
Turn   | Place    | Note
-------+----------+-------------------------------------------
     0 | D:1      | Mesmaeker13 the Merfolk Skald began the quest for the Orb.
     0 | D:1      | Reached XP level 1. HP: 16/16 MP: 3/3
   147 | D:1      | Reached XP level 2. HP: 16/22 MP: 1/5
   601 | D:2      | Learned a level 2 spell: Song of Slaying
   685 | D:2      | Reached XP level 3. HP: 15/27 MP: 2/6
   842 | D:2      | Reached skill level 4 in Polearms
  1244 | D:2      | Reached XP level 4. HP: 33/33 MP: 2/7
  2123 | D:3      | Learned a level 2 spell: Shroud of Golubria
  2403 | D:3      | Reached XP level 5. HP: 37/38 MP: 8/8
  2498 | D:3      | Reached skill level 5 in Polearms
  2508 | D:3      | Killed from afar by an orc wizard

Skill      XL: |  1  2  3  4  5 |
---------------+----------------+-----
Dodging        | 2 3 |  3.9
Polearms       | 4 5 |  5.0
Charms         | 4 |  4.5
Fighting       | |  2.1
Armour         | |  0.6
Spellcasting   | |  2.0

Action                   |  1- 3 |  4- 6 || total
-------------------------+-------+-------++-------
Melee: Spear             |   103 |   133 ||   236
 Cast: Infusion          |     5 |     7 ||    12
       Shroud of Golubri |       |     1 ||     1
  Use: Scroll            |     3 |     1 ||     4
  Eat: Chunk             |     1 |     4 ||     5
Armor: Leather armour    |     7 |    16 ||    23
Dodge: Dodged            |    40 |    64 ||   104
